 Dungeon Crawl Stone Soup version 0.30-b1-5-g8e6c1be481 (webtiles) character file.

Game seed: 5143949080729454378

36413 Jase the Bludgeoner (level 13, -4/130 HPs)
             Began as a Minotaur Fighter on May 3, 2023.
             Was a Priest of Ashenzari.
             Slain by a hellwing (6 damage)
             ... summoned by Frances
             ... on level 12 of the Dungeon on May 4, 2023.
             The game lasted 00:41:57 (13105 turns).

Jase the Bludgeoner (Minotaur Fighter)             Turns: 13105, Time: 00:41:58

Health: -4/130     AC: 21    Str: 22    XL:     13   Next: 52%
Magic:  12/12      EV:  9    Int:  5    God:    Ashenzari [***...]
Gold:   114        SH:  0    Dex: 14    Spells: 12/12 levels left

rFire   + + .        a - +7 great mace "Undeadhunter" {deathbane, rN+, Fort, Melee} (curse)
rCold   + . .        (shield currently unavailable)
rNeg    + . .        G - +1 chain mail {rF+}
rPois   .            y - +2 hat
rElec   .            (no cloak)
rCorr   +            k - +0 pair of gloves of Supernal Knowledge {Alch, Elem} (curse)
SInv    +            H - +1 pair of boots
Will    +....        p - amulet of Ashenzari's Regret {Regen+, Comp, Fort} (curse) Stlth
                     B - ring of willpower
HPRegen 1.21/turn    q - ring of Ashenzari's Fetters {rF+ rC+ rCorr Slay+5, Self, Melee} (curse)
MPRegen 0.13/turn

%: clarity
@: hasted, very quick
A: horns 2, retaliatory headbutt
a: Renounce Religion, Curse Item, Shatter the Chains


You were on level 12 of the Dungeon.
You worshipped Ashenzari.
Ashenzari was most pleased with you.
You visited 2 branches of the dungeon, and saw 16 of its levels.

You collected 1974 gold pieces.
You spent 1860 gold pieces at shops.

Inventory:

Hand Weapons
 a - the cursed +7 great mace "Undeadhunter" (weapon) {deathbane, rN+, Fort, Melee}
   (You bought it in a shop on level 1 of the Dungeon)

   rN:        It protects you from negative energy.
   It has a curse which improves the following skills: Fortitude: Armour and
   Shields.
   Melee Combat: Short Blades, Long Blades, Axes, Maces & Flails, Polearms,
   Staves and Unarmed Combat.
Missiles
 r - 32 poisoned darts (quivered)
 C - a throwing net
 J - 5 curare-tipped darts
Armour
 k - the cursed +0 pair of gloves of Supernal Knowledge (worn) {Alch, Elem}
   (You found it on level 2 of the Dungeon)

   It has a curse which improves the following skills: Alchemy: Poison Magic and
   Transmutations.
   Elements:  Fire Magic, Ice Magic, Air Magic and Earth Magic.
 y - a +2 hat (worn)
 G - a +1 chain mail of fire resistance (worn)
 H - a +1 pair of boots (worn)
Jewellery
 p - the cursed amulet of Ashenzari's Regret (around neck) {Regen+, Comp, Fort}
   (You found it on level 3 of the Dungeon)

   [amulet of regeneration]

   Regen:     It increases your rate of health regeneration.
   It has a curse which improves the following skills: Companions: Summonings
   and Necromancy.
   Fortitude: Armour and Shields.
 q - the cursed ring of Ashenzari's Fetters (right hand) {rF+ rC+ rCorr Slay+5, Self, Melee}
   (You bought it in a shop on level 3 of the Dungeon)

   [ring of resist corrosion]

   Slay:      It affects your accuracy & damage with ranged weapons and melee
   (+5).
   rF:        It protects you from fire.
   rC:        It protects you from cold.
   rCorr:     It protects you from acid and corrosion.
   It has a curse which improves the following skills: Introspection: Fighting
   and Spellcasting.
   Melee Combat: Short Blades, Long Blades, Axes, Maces & Flails, Polearms,
   Staves and Unarmed Combat.
 x - a ring of fire
 z - a ring of positive energy
 B - a ring of willpower (left hand)
Wands
 b - a wand of digging (7)
 o - a wand of quicksilver (16)
 t - a wand of iceblast (13)
 E - a wand of polymorph (4)
 F - a wand of paralysis (3)
 I - a wand of flame (8)
Scrolls
 e - 10 scrolls of teleportation
 f - a scroll of enchant weapon
 i - 2 scrolls of enchant armour
 j - 2 scrolls of magic mapping
 l - 5 scrolls of fear
 u - 3 scrolls of blinking
 A - 3 scrolls of butterflies
Potions
 c - 5 potions of mutation
 d - 2 potions of invisibility
 g - 7 potions of flight
 m - 3 potions of brilliance
 n - a potion of resistance
 s - 3 potions of curing
 v - 4 potions of cancellation
 D - a potion of might


   Skills:
 + Level 15.3(16.7) Fighting
 - Level 2.8(12.6) Axes
 - Level 17.9(20.0) Maces & Flails
 + Level 15.3(17.4) Armour
 - Level 3.6(5.6) Shields
 + Level 1.3 Evocations


You had 12 spell levels left.
You didn't know any spells.
Your spell library contained the following spells:

 Spells                   Type           Power      Damage    Failure   Level
 Poisonous Vapours        Pois/Air       0%         N/A       95%         2
 Mephitic Cloud           Conj/Pois/Air  0%         N/A       99%         3
 Vhi's Electric Charge    Tloc/Air       0%         N/A       99%         3
 Arcjolt                  Conj/Air       0%         1d10      100%        5
 Freezing Cloud           Conj/Ice/Air   0%         6-21      100%        5
 Maxwell's Capacitive Co  Air            0%         ∞         100%        8


Dungeon Overview and Level Annotations

Branches:
Dungeon (12/15)            Temple (0/1) D:4            Lair (4/5) D:9
  Swamp (0/4) Lair:2       Spider (0/4) Lair:3
  Slime: Lair:4-5       Orc: D:9-12

Altars:
Ashenzari
Elyvilon
Fedhas
Gozag
Hepliaklqana
Makhleb
Nemelex Xobeh
Okawaru
Uskayaw
Xom
Zin

Shops:
D:1 (((   D:3 =   D:4 !   D:6 *   D:11 *([*

Annotations:
D:9 Erolcha
D:12 Frances
Lair:4 2 transporters, feetsoup's ghost, journeyman FeFE


Innate Abilities, Weirdness & Mutations

You have a pair of horns on your head.
You reflexively headbutt those who attack you in melee.


Message History

The hellwing barely misses you.
The hellwing hits you but does no damage.
The sun demon hits you but does no damage.
You barely miss Frances. You headbutt Frances!
Frances is heavily wounded.
Frances screams a word of power!
The iron shot hits you!!!
* * * LOW HITPOINT WARNING * * *
Unknown command.
You feel much better. Frances hits you with a +0 dire flail.
* * * LOW HITPOINT WARNING * * *
The hellwing hits you but does no damage. x2
The sun demon hits you but does no damage.
The red devil hits you from afar with a +0 trident.
* * * LOW HITPOINT WARNING * * *
Barbed spikes become lodged in your body.
You feel much better. Frances hits you with a +0 dire flail!!
* * * LOW HITPOINT WARNING * * *
The sun demon hits you but does no damage.
The red devil hits you but does no damage.
The hellwing hits you but does no damage.
The hellwing hits you.
* * * LOW HITPOINT WARNING * * *
Okay, then.
As you read the scroll of fear, it crumbles to dust.
You assume a fearsome visage.
Frances looks frightened!
The sun demon looks frightened!
The hellwing looks frightened!
The red devil looks frightened!
The barbs in your skin will harm you if you move.
Continue?
Okay, then.
You carefully extract the barbed spikes from your body.
The hellwing seems to regain its courage.
Ashenzari invites you to partake of a vision and a curse of elements and fortitude.
The sun demon hits you!!
* * * LOW HITPOINT WARNING * * *
You are engulfed in flames.
You resist.
* * * LOW HITPOINT WARNING * * *
The hellwing hits you but does no damage.
The hellwing hits you.
You die...

###############################
#..............................
#..####........................
#..####..###...................
#........# #...@...............
#........###...43..............
#..........................#..
#.......########..............#
#..####.# , ,, ################
#..# #.#, ,, , , * #..####.#,,
, ,, , , , #.......# ,,,, ,,, ,
* #.......# ,, ,,,, *


You could see a sun demon (summoned) and a hellwing (summoned).

Vanquished Creatures
  Josephine (D:11)
  2 hydras (Lair:4)
  3 death yaks (D:9)
  Urug (D:11)
  Sonja (D:11)
  Amaemon (Lair:3)
  2 skysharks
  Pikel (D:9)
  A bog body (Lair:2)
  An ugly thing (D:12)
  10 elephants (Lair:4)
  2 black mambas
  An orange demon (Lair:3)
  A torpor snail (Lair:4)
  2 gargoyles (D:11)
  5 cane toads
  An unseen horror (D:12)
  3 kobold demonologists
  8 komodo dragons
  A polar bear (Lair:4)
  Prince Ribbit (D:9)
  8 blink frogs
  6 dream sheep (Lair:4)
  6 wraiths
  A shadow (D:9)
  A vampire (D:11)
  A wyvern (Lair:2)
  36 yaks
  4 basilisks
  2 steam dragons
  Grum (D:9)
  3 redbacks (Lair:3)
  9 vampire mosquitoes
  10 water moccasins
  4 orc warriors
  3 sky beasts
  3 black bears
  2 ice beasts (D:6)
  3 ogres
  4 wolves (D:9)
  8 centaurs
  3 lemures (D:9)
  3 phantoms
  2 kobold brigands
  5 bullfrogs
  3 scorpions
  2 gnoll sergeants
  9 wights
  17 killer bees
  2 electric eels (Lair:2)
  9 howler monkeys
  5 hounds
  A jelly (D:8)
  2 gnoll boudas
  3 orc priests
  17 orc wizards
  2 sleepcaps (D:6)
  4 iguanas
  10 gnolls
  10 adders
  3 white imps
  2 ufetubi
  2 worms
  8 dart slugs
  38 orcs
  6 ball pythons
  3 bats (D:1)
  10 endoplasms
  3 giant cockroaches
  6 goblins
  11 hobgoblins
  3 jackals
  2 quokkas
  2 frilled lizards (D:2)
  24 kobolds
  11 rats
407 creatures vanquished.

Vanquished Creatures (others)
  18 fungi
  18 plants
36 creatures vanquished.

Grand Total: 443 creatures vanquished

Notes
Turn   | Place    | Note
-------+----------+-------------------------------------------
     0 | D:1      | Jase the Minotaur Fighter began the quest for the Orb.
     0 | D:1      | Reached XP level 1. HP: 19/19 MP: 0/0
    21 | D:1      | Found Zer Cio's Weapon Boutique.
   297 | D:1      | Found Komal's Book Boutique.
   311 | D:1      | Reached XP level 2. HP: 27/27 MP: 1/1
   339 | D:1      | Found Buolu's Antique Weapon Shop.
   405 | D:1      | Found a faded altar of an unknown god.
   412 | D:1      | Found Besmaubu's Antique Weapon Shop.
   434 | D:1      | Prayed at the altar of an unknown god.
   434 | D:1      | Became a worshipper of Ashenzari the Shackled
   757 | D:2      | Reached skill level 1 in Maces & Flails
   757 | D:2      | Reached XP level 3. HP: 30/33 MP: 2/2
  1104 | D:2      | Found a hide-covered altar of Uskayaw.
  1208 | D:2      | Reached * piety under Ashenzari
  1351 | D:2      | Reached skill level 2 in Maces & Flails
  1351 | D:2      | Reached XP level 4. HP: 41/41 MP: 3/3
  1591 | D:3      | Found a blossoming altar of Fedhas.
  1671 | D:3      | Found an opulent altar of Gozag.
  1674 | D:3      | Found Buugizy's Jewellery Shoppe.
  1741 | D:3      | Reached skill level 5 in Fighting
  1745 | D:3      | Reached skill level 5 in Armour
  1745 | D:3      | Reached XP level 5. HP: 43/48 MP: 4/4
  1778 | D:3      | Found a shimmering altar of Xom.
  1822 | D:3      | Reached ** piety under Ashenzari
  2090 | D:3      | Identified a scroll of acquirement
  2100 | D:3      | Acquired 683 gold pieces
  2125 | D:3      | Bought the ring of Qefuv {rF+ rC+ rCorr Slay+5} for 806
                  | gold pieces
  2131 | D:4      | Noticed an ogre
  2131 | D:4      | Found Waxam's Distillery.
  2172 | D:4      | Reached skill level 3 in Maces & Flails
  2176 | D:4      | You fall into a shaft and drop 3 floors!
  2238 | D:5      | Entered Level 5 of the Dungeon
  2448 | D:3      | Reached XP level 6. HP: 56/56 MP: 5/5
  2522 | D:4      | Reached skill level 4 in Maces & Flails
  2544 | D:4      | Found a staircase to the Ecumenical Temple.
  2865 | D:4      | Reached XP level 7. HP: 63/63 MP: 6/6
  2946 | D:4      | Reached skill level 5 in Maces & Flails
  3010 | D:5      | Found a sparkling altar of Nemelex Xobeh.
  3519 | D:5      | Reached skill level 6 in Maces & Flails
  3519 | D:5      | Reached XP level 8. HP: 60/73 MP: 7/7
  3847 | D:6      | Found Zeonlia's General Store.
  4032 | D:6      | Reached skill level 7 in Maces & Flails
  4104 | D:6      | Found a glowing silver altar of Zin.
  4515 | D:7      | Reached XP level 9. HP: 62/79 MP: 8/8
  4634 | D:7      | Reached skill level 8 in Maces & Flails
  4836 | D:7      | Reached skill level 9 in Maces & Flails
  5381 | D:8      | Reached skill level 10 in Fighting
  5381 | D:8      | Reached skill level 10 in Maces & Flails
  5381 | D:8      | Reached skill level 10 in Armour
  5516 | D:8      | Found a burning altar of Makhleb.
  5573 | D:8      | Reached XP level 10. HP: 83/93 MP: 9/9
  5966 | D:9      | Found a white marble altar of Elyvilon.
  6062 | D:9      | Noticed a death yak
  6088 | D:9      | Killed a death yak
  6089 | D:9      | Reached skill level 11 in Maces & Flails
  6103 | D:9      | Noticed a death yak
  6120 | D:9      | Killed a death yak
  6129 | D:9      | Noticed a death yak
  6154 | D:9      | Killed a death yak
  6155 | D:9      | Reached skill level 12 in Maces & Flails
  6187 | D:9      | Noticed Pikel
  6254 | D:9      | Found a staircase to the Lair.
  6343 | D:9      | Killed Pikel
  6534 | D:9      | Reached XP level 11. HP: 105/105 MP: 10/10
  6634 | D:9      | Reached skill level 13 in Maces & Flails
  6713 | D:9      | Found a hazy altar of Hepliaklqana.
  6727 | D:9      | Noticed Erolcha
  6757 | Lair:1   | Entered Level 1 of the Lair of Beasts
  7045 | Lair:1   | Reached skill level 14 in Maces & Flails
  7791 | Lair:2   | Reached skill level 15 in Maces & Flails
  7929 | Lair:2   | Noticed a bog body
  7942 | Lair:2   | Killed a bog body
  7960 | Lair:2   | Found a staircase to the Swamp.
  7966 | Lair:2   | Reached XP level 12. HP: 111/116 MP: 11/11
  8557 | Lair:3   | Found a hole to the Spider Nest.
  8937 | Lair:3   | Reached skill level 16 in Maces & Flails
  9366 | Lair:3   | Noticed Amaemon
  9386 | Lair:3   | Killed Amaemon
  9605 | Lair:4   | Noticed a five-headed hydra
  9631 | Lair:4   | Killed a five-headed hydra
  9762 | Lair:4   | Found a transporter.
  9765 | Lair:4   | Noticed feetsoup's ghost (journeyman FeFE)
  9765 | Lair:4   | Noticed a boulder beetle
  9768 | Lair:4   | Noticed an eight-headed hydra
  9768 | Lair:4   | Noticed a boulder beetle
  9880 | Lair:4   | Noticed a four-headed hydra
  9890 | Lair:4   | Killed a four-headed hydra
  9926 | Lair:4   | Found a transporter.
  9951 | Lair:4   | Reached skill level 17 in Maces & Flails
 10015 | Lair:4   | Reached XP level 13. HP: 56/127 MP: 12/12
 10558 | D:9      | Noticed Prince Ribbit
 10571 | D:9      | Noticed Grum
 10582 | D:9      | Killed Grum
 10617 | D:9      | Killed Prince Ribbit
 10700 | D:9      | Found an iron altar of Okawaru.
 10980 | D:10     | Entered Level 10 of the Dungeon
 11559 | D:1      | Bought the +7 great mace "Undeadhunter" {deathbane, rN+}
                  | for 1054 gold pieces
 11559 | D:1      | Found the +7 great mace "Undeadhunter" {deathbane, rN+}
 11562 | D:1      | Reached *** piety under Ashenzari
 12115 | D:11     | Found Veagew's Assorted Antiques.
 12223 | D:11     | Noticed Josephine
 12240 | D:11     | Killed Josephine
 12309 | D:11     | Found Maps's Antique Armour Shop.
 12442 | D:11     | Reached skill level 15 in Fighting
 12450 | D:11     | Reached skill level 15 in Armour
 12485 | D:11     | Found Xauwon's General Store.
 12488 | D:11     | Noticed Sonja
 12490 | D:11     | Noticed Urug
 12493 | D:11     | Killed Sonja
 12500 | D:11     | Killed Urug
 12658 | D:11     | Found Howafirph's Weapon Boutique.
 12938 | D:12     | Reached skill level 1 in Evocations
 13025 | D:12     | Identified the +8 long sword "Nettif" {drain, *Rage rPois
                  | rC++ rCorr}
 13070 | D:12     | Noticed Frances
 13105 | D:12     | HP: 2/130 [sun demon[Frances] (5)]
 13105 | D:12     | Slain by a hellwing

Illustrated notes

Levels and vault maps discovered:
D:1:      dreamdust_arrival_sigmund_warning, layout_loops_ring, serial_shops,
          shop, shop, nicolae_square_shop, shop,
          ebering_ecumenical_altar_sacrificial, minmay_misc_feat_doors,
          minmay_misc_feat_chi
D:2:      wander_river, layout_loops_cross, basic_altar, minmay_strange_pillars
D:3:      layout_basic, fedhas_altar_3,
          nicolae_gozag_cash_rules_everything_around_me,
          mainiacjoe_overflow_catwalk, serial_shops, shop,
          kennysheep_generic_room_11
D:4:      minmay_polygon_palace, layout_rooms,
          minmay_temple_entry_statues_pillars, serial_shops, shop
D:5:      nicolae_cairo_tiling, layout_basic, nemelex_xobeh_ov_fountains_minmay,
          hex_tiny
D:6:      layout_rooms, nicolae_overflow_crystal_walls, serial_shops, shop
D:7:      layout_basic
D:8:      layout_gridville, mainiacjoe_overflow_cross_hatched
D:9:      layout_basic, kennysheep_okawaru_gauntlet,
          mainiacjoe_overflow_alcove_1, elyvilon_altar_1, dpeg_lair_monsters,
          uniq_prince_ribbit1, uniq_grum, uniq_erolcha, uniq_pikel
D:10:     layout_roguey, kennysheep_nub, minmay_misc_feat_x
D:11:     layout_rooms, serial_shops, nicolae_shop_peninsula,
          nicolae_shop_statue_plus, nicolae_shop_advertising_works
          [nicolae_subvault_shop_adworks], shop, serial_bayou,
          serial_bayou_ford_a, serial_bayou_crossing, serial_bayou_pond_e,
          serial_bayou_pond_a, uniq_sonja, uniq_josephine, uniq_urug
D:12:     layout_stronghold, david_orc_4, nrook_pool_corridor, tso_oasis_becter,
          uniq_frances
Lair:1:   layout_roguey
Lair:2:   layout_cave_shapes, skrybe_swamp_entry_bodies,
          chequers_serial_rivers_large_a, serial_bayou_shore_a
Lair:3:   layout_cave_pods, spider_nest_entry_webs, minmay_holes,
          infiniplex_staircase_pool, uniq_amaemon
Lair:4:   layout_big_grid, serial_rivers, chequers_serial_rivers_micro_e,
          chequers_serial_rivers_marsh, chequers_serial_rivers_small_a,
          chequers_serial_rivers_room_b, chequers_serial_rivers_large_b,
          chequers_serial_rivers_micro_b, gammafunk_ghost_arena,
          dreamdust_gnoll_shepherd

Skill      XL: |  1  2  3  4  5  6  7  8  9 10 11 12 13 |
---------------+----------------------------------------+-----
Fighting       | 4 5 6 7 8 10 11 12 14 15 | 15.3
Armour         | 4 5 6 7 8 10 11 12 14 15 | 15.3
Maces & Flails | 1 2 3 4 6 7 10 12 15 17 | 17.9
Evocations     | 1 |  1.3
Axes           | |  2.8
Shields        | |  3.6

Action                     |  1- 3 |  4- 6 |  7- 9 | 10-12 | 13-15 || total
---------------------------+-------+-------+-------+-------+-------++-------
  Melee: War axe           |    18 |       |       |       |       ||    18
         Punch             |     1 |       |     3 |       |       ||     4
         Mace              |    57 |    40 |       |       |       ||    97
         Whip              |    13 |       |       |       |       ||    13
         Headbutt          |    14 |    17 |    50 |   121 |    45 ||   247
         Flail             |       |    49 |   121 |       |       ||   170
         Dire flail        |       |       |   121 |   463 |   111 ||   695
         Great mace        |       |       |       |       |    86 ||    86
  Throw: Dart              |       |       |     1 |       |       ||     1
 Invoke: Curse Item        |     2 |     1 |       |     2 |     1 ||     6
         Shatter the Chain |       |       |     1 |     1 |       ||     2
    Use: Scroll            |       |     1 |       |     1 |     1 ||     3
         Potion            |       |     1 |       |     1 |     4 ||     6
 Armour: Scale mail        |    54 |    27 |    37 |       |       ||   118
         Plate armour      |       |       |    49 |   199 |    43 ||   291
         Chain mail        |       |       |       |       |    56 ||    56
  Dodge: Dodged            |    52 |    67 |   154 |   139 |    68 ||   480
